 Dungeon Crawl Stone Soup version 0.29.1-15-g9cfb28693d (webtiles) character file.

Game seed: 16469069042029057141

56 BuddhaDhamma the Chopper (level 3, -6/46 HPs)
             Began as a Minotaur Berserker on Feb 28, 2023.
             Was a Believer of Trog.
             Mangled by an ogre
             ... wielding a +0 giant club
              (24 damage)
             ... on level 3 of the Dungeon.
             The game lasted 00:03:52 (2425 turns).

BuddhaDhamma the Chopper (Minotaur Berserker)       Turns: 2425, Time: 00:03:53

Health: -6/46      AC:  7    Str: 23    XL:     3   Next: 71%
Magic:  2/2        EV: 10    Int:  4    God:    Trog [**....]
Gold:   192        SH:  0    Dex:  9    Spells: 2/2 levels left

rFire   . . .      SeeInvis .   a - +0 hand axe
rCold   . . .      Faith    .   (no shield)
rNeg    . . .      Spirit   .   f - +1 scale mail
rPois   .          Reflect  .   (helmet restricted)
rElec   .          Harm     .   (no cloak)
rCorr   .          Rampage  .   (no gloves)
Will    .....                   (no boots)
Stlth   ..........              (no amulet)
HPRegen 0.15/turn               (no ring)
MPRegen 0.08/turn               (no ring)

@: berserking, very quick
A: horns 2, retaliatory headbutt
a: Renounce Religion, Berserk, Trog's Hand


You were on level 3 of the Dungeon.
You worshipped Trog.
Trog was pleased with you.
You visited 1 branch of the dungeon, and saw 3 of its levels.

You collected 192 gold pieces.

Inventory:

Hand Weapons
 a - a +0 hand axe (weapon)
Armour
 f - a +1 scale mail (worn)
Wands
 b - a wand of polymorph (7)
Scrolls
 h - a scroll of poison
 j - a scroll of identify
Potions
 c - 3 potions of curing
 g - 2 potions of heal wounds


   Skills:
 - Level 3.6 Fighting
 + Level 5.7 Axes
 - Level 2.4 Armour
 - Level 2.1 Dodging


You had 2 spell levels left.
You didn't know any spells.
Your spell library was empty.

Dungeon Overview and Level Annotations

Branches:
Dungeon (3/15)

Altars:
Gozag


Innate Abilities, Weirdness & Mutations

You have a pair of horns on your head.
You reflexively headbutt those who attack you in melee.


Message History

Found 4 large rocks.
Found a ring mail.
Found an escape hatch in the floor.
You see here a +0 ring mail.
d - a +0 ring mail You drop a +0 ring mail.
You now have 192 gold pieces (gained 13).
You open the door.
There is an open door here.
An ogre comes into view. It is wielding a +0 giant club.
Throw: 4 darts (poison)
Press: ? - help, Q - select action, (/) - cycle Shift-Dir - straight line, f - ogre
Aim: an ogre, wielding a +0 giant club (71% to hit)
You throw a poisoned dart.
The poisoned dart completely misses the ogre.
Throw: 3 darts (poison)
Press: ? - help, Q - select action, (/) - cycle Shift-Dir - straight line, f/p - ogre
Aim: an ogre, wielding a +0 giant club (71% to hit)
You throw a poisoned dart. The poisoned dart hits the ogre.
The ogre is poisoned.
Throw: 2 darts (poison)
Press: ? - help, Q - select action, (/) - cycle Shift-Dir - straight line, f/p - ogre
Aim: an ogre, wielding a +0 giant club (poisoned, 71% to hit)
You throw a poisoned dart. The poisoned dart hits the ogre.
Throw: dart (poison)
Press: ? - help, Q - select action, (/) - cycle Shift-Dir - straight line, f/p - ogre
Aim: an ogre, wielding a +0 giant club (poisoned, 71% to hit)
You throw a poisoned dart.
The poisoned dart barely misses the ogre.
The ogre attacks as you move away! The ogre closely misses you.
There is an open door here.
You barely miss the ogre. Your headbutt misses the ogre.
The ogre is lightly wounded.
The ogre hits you with a +0 giant club!!
Ouch! That really hurt!
A red film seems to cover your vision as you go berserk!
You feel yourself moving faster!
You feel mighty!
The ogre looks more healthy.
The ogre hits you with a +0 giant club!!
Ouch! That really hurt!
You die...

...## ######
..8.####....# ..#
....#[.#.##+###### ..#
_................# ..#
....#............# ..#
..8.#............# ..#
...##............# ..#
.###..(..........##..#
................@O...#
# .#..>..........##.##
#.#.............# (#
.........# (#
........# (# ........#
.# ######### .. ##


You could see an ogre.

Vanquished Creatures
  A worm (D:2)
  A dart slug (D:1)
  6 bats
  8 endoplasms
  3 giant cockroaches (D:1)
  5 goblins
  A hobgoblin (D:1)
  4 jackals (D:2)
  5 kobolds (D:1)
  A quokka (D:1)
  3 ball pythons (D:1)
  3 frilled lizards
  6 rats
47 creatures vanquished.

Notes
Turn   | Place    | Note
-------+----------+-------------------------------------------
     0 | D:1      | BuddhaDhamma the Minotaur Berserker began the quest for the
                  | Orb.
     0 | D:1      | Reached XP level 1. HP: 19/19 MP: 0/0
   115 | D:1      | Reached skill level 4 in Axes
   388 | D:1      | Reached XP level 2. HP: 25/26 MP: 1/1
   861 | D:1      | Reached skill level 5 in Axes
  1011 | D:1      | Found a faded altar of an unknown god.
  1016 | D:1      | Reached XP level 3. HP: 30/31 MP: 2/2
  1233 | D:2      | Reached ** piety under Trog
  2362 | D:3      | Found an opulent altar of Gozag.
  2416 | D:3      | Noticed an ogre
  2425 | D:3      | Mangled by an ogre

Illustrated notes

Levels and vault maps discovered:
D:1:      scummos_arrival_hexagon, layout_rooms, basic_ecumenical_altar
D:2:      layout_loops_corners, kennysheep_generic_room_4
D:3:      layout_basic, grunt_gozag_statues, dreamdust_princess_corridor

Skill      XL: |  1  2 |
---------------+-------+-----
Axes           | 4 5 |  5.7
Fighting       | |  3.6
Armour         | |  2.4
Dodging        | |  2.1

Action                   || total
-------------------------++-------
Melee: Hand axe          ||    90
       Headbutt          ||     7
Throw: Dart              ||     5
Invok: Berserk           ||     2
  Use: Scroll            ||     8
Armor: Animal skin       ||     9
       Scale mail        ||    18
Dodge: Dodged            ||    53
